 Dungeon Crawl Stone Soup version 0.26.1-11-gd32895ea62 (webtiles) character file.

Game seed: 5882322998971235536

288 Bergy the Cudgeller (level 6, -3/37 HPs)
             Began as a Gargoyle Fighter on July 16, 2021.
             Slain by Sigmund
             ... wielding a +0 scythe
              (5 damage)
             ... on level 3 of the Dungeon.
             The game lasted 00:06:44 (2585 turns).

Bergy the Cudgeller (Gargoyle Fighter)              Turns: 2585, Time: 00:06:45

Health: -3/37      AC: 11    Str: 26    XL:     6   Next: 31%
Magic:  6/6        EV:  7    Int:  9    God:
Gold:   140        SH:  0    Dex: 10    Spells: 5/5 levels left

rFire    . . .     SeeInvis .   a - +0 flail
rCold    . . .     Faith    .   c - +0 kite shield
rNeg     + . .     Spirit   .   b - +0 scale mail
rPois    ∞         Reflect  .   (no helmet)
rElec    +         Harm     .   (no cloak)
rCorr    .         Rampage  .   (no gloves)
Will     .....                  (no boots)
Stlth    ..........             (no amulet)
HPRegen  0.12/turn              h - +6 ring of strength
MPRegen  0.10/turn              (no ring)

@: confused, mighty
A: negative energy resistance 1, electricity resistance, unbreathing,
petrification resistance, miasma immunity, AC +4
a: no special abilities


You were on level 3 of the Dungeon.
You visited 1 branch of the dungeon, and saw 3 of its levels.

You collected 140 gold pieces.

Inventory:

Hand Weapons
 a - a +0 flail (weapon)
Armour
 b - a +0 scale mail (worn)
 c - a +0 kite shield (worn)
 i - a +0 pair of gloves
 n - a +0 plate armour
 t - a cursed -1 leather armour
Jewellery
 h - a +6 ring of strength (left hand)
Scrolls
 e - 2 scrolls of identify
 f - 5 scrolls of remove curse {unknown}
 g - 3 scrolls of teleportation
 j - a scroll of fog {unknown}
 l - a scroll of magic mapping {unknown}
 s - a scroll of fear {unknown}
 u - a scroll of enchant weapon {unknown}
Potions
 k - a potion of haste {unknown}
 m - 2 potions of invisibility
 o - 2 potions of attraction
 p - a potion of resistance {unknown}
 q - a potion of berserk rage {unknown}


   Skills:
 - Level 3.2 Fighting
 * Level 6.5 Maces & Flails
 - Level 3.2 Armour
 - Level 3.2 Shields


You had 5 spell levels left.
You didn't know any spells.
Your spell library was empty.

Dungeon Overview and Level Annotations

Branches:
Dungeon (3/15)

Altars:

Annotations:
D:3 Sigmund


Innate Abilities, Weirdness & Mutations

You are resistant to torment.
Your stone body is resilient. (AC +4)
You are immune to poison.
You resist negative energy. (rN+)
You are resistant to electric shocks. (rElec)
You can survive without breathing.
You are immune to petrification.
You are immune to miasma.


Message History

* * * LOW HITPOINT WARNING * * *
You barely miss something. Something hits you.
* * * LOW HITPOINT WARNING * * *
You miss something.
You hear some strange, mumbled words.
Something tries to affect you, but you resist.
You miss something. You block something's attack.
You closely miss something. Something hits you but does no damage.
You thump something! You barely miss something.
You hear some strange, mumbled words.
You are confused.
You bump into the rock wall.
You hear some strange, mumbled words.
A puff of flame appears from out of thin air!
The puff of flame hits you.
* * * LOW HITPOINT WARNING * * *
You miss something. Something hits you but does no damage.
You bump into the rock wall.
Something hits you.
You die...

.#####...#####†.........#
.><....### #..........#
..###### #..........# .##
#####..........# ##
#..............# ###
.####..######## ... #.
#..# ...... .# ##..#
##.... .. #..@# ...... ..
#..#{# ...o....# #.##.#
#######.#####.##.#
.).........#..##.#
[............# #.#
###..........###.#
#..............#
##.......#


There were no monsters in sight!

Vanquished Creatures
  An ogre (D:3)
  A scorpion (D:2)
  2 orc priests (D:3)
  3 adders (D:2)
  A worm (D:2)
  2 dart slugs
  A leopard gecko (D:2)
  An orc (D:3)
  2 giant cockroaches
  6 goblins
  7 hobgoblins
  6 jackals (D:3)
  4 kobolds
  A quokka (D:3)
  4 ball pythons
  12 bats
  2 frilled lizards
  6 rats
62 creatures vanquished.

Notes
Turn   | Place    | Note
-------+----------+-------------------------------------------
     0 | D:1      | Bergy the Gargoyle Fighter began the quest for the Orb.
     0 | D:1      | Reached XP level 1. HP: 14/14 MP: 1/1
   355 | D:1      | Reached XP level 2. HP: 19/19 MP: 2/2
   649 | D:1      | Reached skill level 3 in Maces & Flails
  1385 | D:2      | Reached XP level 3. HP: 23/23 MP: 3/3
  1678 | D:2      | Reached skill level 4 in Maces & Flails
  1696 | D:2      | Reached XP level 4. HP: 28/28 MP: 4/4
  1849 | D:2      | Reached skill level 5 in Maces & Flails
  1933 | D:2      | Reached XP level 5. HP: 32/32 MP: 5/5
  2330 | D:3      | Noticed an ogre
  2446 | D:3      | Killed an ogre
  2447 | D:3      | Reached skill level 6 in Maces & Flails
  2447 | D:3      | Reached XP level 6. HP: 36/37 MP: 6/6
  2561 | D:3      | Noticed Sigmund
  2583 | D:3      | HP: 1/37 [something/puff of flame (2)]
  2585 | D:3      | Slain by Sigmund

Illustrated notes

Levels and vault maps discovered:
D:1:      enne_arrival_octagon_isle, layout_loops_corners, minmay_fountain_box,
          minmay_split_cup_large
D:2:      layout_basic
D:3:      layout_rooms, lemuel_coloured_pillars_altar,
          nzn_wu_jian_contemplation, uniq_sigmund

Skill      XL: |  1  2  3  4  5 |
---------------+----------------+-----
Maces & Flails | 3 4 5 6 |  6.5
Fighting       | |  3.2
Armour         | |  3.2
Shields        | |  3.2

Action                   |  1- 3 |  4- 6 || total
-------------------------+-------+-------++-------
Melee: Flail             |   112 |   126 ||   238
  Use: Scroll            |       |     4 ||     4
       Potion            |       |     3 ||     3
 Stab: Invisible         |       |     1 ||     1
Armor: Scale mail        |    67 |    58 ||   125
Dodge: Dodged            |    39 |    36 ||    75
Block: Kite shield       |    69 |    62 ||   131
